 Dungeon Crawl Stone Soup version 0.30-a0-862-g1aabd4f9c5 (webtiles) character file.

Game seed: 14139430708410134024

7 Esekla the Sneak (level 2, 0/21 HPs)
             Began as an Octopode Delver on Mar 10, 2023.
             Slain by an orc wizard
             ... wielding a +0 dagger
              (2 damage)
             ... on level 5 of the Dungeon.
             The game lasted 00:00:46 (73 turns).

Esekla the Sneak (Octopode Delver)                    Turns: 73, Time: 00:00:47

Health: 0/21       AC:  1    Str: 11    XL:     2   Next: 0%
Magic:  2/2        EV: 13    Int: 12    God:
Gold:   21         SH:  0    Dex: 13    Spells: 1/1 levels left

rFire   . . .      SeeInvis .    a - +0 falchion
rCold   . . .      Faith    .    (no shield)
rNeg    . . .      Spirit   .    (helmet restricted)
rPois   .          Reflect  .    (no amulet)
rElec   .          Rampage  .    (no ring)
rCorr   .                        (no ring)
Will    .....                    (no ring)
Stlth   ++++                     (no ring)
HPRegen 0.23/turn                (no ring)
MPRegen 0.08/turn                (no ring)
                                 (no ring)
                                 (no ring)

@: no status effects
A: almost no armour, amphibious, 8 rings, camouflage 1, gelatinous body 1,
(nimble swimmer 1), tentacles
a: no special abilities


You were on level 5 of the Dungeon.
You visited 1 branch of the dungeon, and saw 1 of its levels.

You collected 21 gold pieces.

Inventory:

Hand Weapons
 a - a +0 falchion (weapon)
Wands
 f - a wand of digging (3)
Scrolls
 b - a scroll of fog
 c - a scroll of enchant weapon {unknown}
 d - a scroll of fear
 g - a scroll of noise {unknown}
Potions
 e - a potion of haste
 h - a potion of degeneration {unknown}


   Skills:
 * Level 3.1 Fighting
 * Level 2.0 Long Blades
 * Level 2.1 Dodging
 + Level 6.8 Stealth
 * Level 0.2 Spellcasting


You had one spell level left.
You didn't know any spells.
Your spell library was empty.

Dungeon Overview and Level Annotations

Branches:
Dungeon (5/15)
 Temple: D:4-7

Altars:


Innate Abilities, Weirdness & Mutations

You cannot wear most types of armour.
You are amphibious.
You can wear up to eight rings at the same time.
Your skin changes colour to match your surroundings (Stealth+).
Your rubbery body absorbs attacks. (AC +1, EV +1)
((You are camouflaged when in or above water. (Stealth+)))
You have tentacles for arms and can constrict up to eight enemies at once.


Message History

You hit the ufetubus.
The ufetubus is severely wounded.
You constrict the ufetubus.
You kill the ufetubus!
You have reached level 2!
As you read the scroll of magic mapping, it crumbles to dust.
You feel aware of your surroundings.
You sensed 1 altar.
Found 9 stones.
Found a pair of runed gloves.
A howler monkey comes into view.
You see here a scroll labelled YRREMO DIEZAMP.
c - a scroll labelled YRREMO DIEZAMP You now have 11 gold pieces.
You now have 21 gold pieces (gained 10).
An ogre comes into view. It is wielding a +0 giant club.
You see here a bubbling red potion.
h - a bubbling red potion
There is a stone staircase leading down here.
An iguana comes into view.
Found a ring mail.
The orc wizard shouts!
You hear a shout! x2
An orc priest comes into view. It is wielding a +0 war axe.
The orc priest shouts!
The howler monkey howls!
The howler monkey hoots and howls with incredible vigour!
The orc priest mumbles some strange prayers to Beogh against you.
Beogh smites you!
The orc wizard points at you and mumbles some strange words.
You are confused.
You see here a +0 ring mail.
The howler monkey hoots and howls with incredible vigour!
You hear an angry hiss. x3
Found an escape hatch in the ceiling.
The orc wizard misses you.
You bump into the rock wall.
You feel less confused. The howler monkey hits you!
* * * LOW HITPOINT WARNING * * *
The orc wizard completely misses you.
The orc wizard attacks as you move away!
The orc wizard hits you with a +0 dagger.
You die...

,*********,,,,,,,,************
,,,,,,,,,,,,,,..,..#,**,,,,*,****
,,**,,,,,,,,,,.<,...,**,,,,,,,*,*
,,*,,,,,,**#,*#.,..*,,,,,,,,,,,,,
,**,,,,,.###.,#.*.#*,*,,,,,,,,,,,
,,,,,,,*.....##.#.#*,,,,,,,,,,,,,
*,,,,,,*,.........****,,.,,,,,,,,
*,,,,,,**......#.## *,...,,,,,,,*
*,,.##....o.,#.o@h###....,,*,,,**
,,,..#.....####Ool........,,,,,**
,,*.........###.[..#......,,*,,,*
,,*.........##...#........,**,,**
,,*.............##.##.....,,,,,*
.,,.........#...##.#......,,,,,*
..,.........##..#..#......,,,,,*
...##..#...)###...........,,,,**
.......#.....###.......#,,,,,,*


You could see an ogre, a howler monkey (catching breath), an iguana, an orc
priest and an orc wizard.

Vanquished Creatures
  An ufetubus (D:5)
  A quokka (D:5)
2 creatures vanquished.

Notes
Turn   | Place    | Note
-------+----------+-------------------------------------------
     0 | D:5      | Esekla the Octopode Delver began the quest for the Orb.
     0 | D:5      | Reached XP level 1. HP: 16/16 MP: 1/1
     3 | D:5      | Noticed an orc wizard
    20 | D:5      | Reached XP level 2. HP: 6/21 MP: 2/2
    24 | D:5      | Noticed a howler monkey
    46 | D:5      | Noticed an ogre
    73 | D:5      | Slain by an orc wizard

Illustrated notes

Levels and vault maps discovered:
D:5:      layout_cave_pools, mainiacjoe_overflow_paths,
          kennysheep_generic_room_11

Action                     || total
---------------------------++-------
  Melee: Falchion          ||     6
         Tentacles         ||     2
         Constrict         ||     1
    Use: Scroll            ||     1
 Armour: Skin              ||     3
  Dodge: Dodged            ||    12

Table legend: (Time is in decaauts)
 A = Elapsed time spent in this place.
 B = Non-inter-level travel time spent in this place.
 C = Inter-level travel time spent in this place.
 D = Time resting spent in this place.
 E = Time spent auto-exploring this place.
 F = Levels seen in this place.
 G = Mean time per level.
                   A        B        C        D        E       F      G
               +--------+--------+--------+--------+--------+-----+--------+
         Total |     74 |     74 |      0 |      0 |      0 |   1 |   74.0 |
       Dungeon |     74 |     74 |      0 |      0 |      0 |   1 |   74.0 |
               +--------+--------+--------+--------+--------+-----+--------+

Top non-repeatable levels by time:
     D:5: 74 daAuts
